 Dungeon Crawl Stone Soup version 0.22-a0-322-g60b3cfd (webtiles) character file.

33 Kairos the Covered (level 3, -4/29 HPs)
             Began as a Human Fighter on Apr 5, 2018.
             Was an Initiate of Okawaru.
             Slain by a goblin (5 damage)
             ... led by Robin
             ... on level 2 of the Dungeon.
             The game lasted 00:01:19 (1220 turns).

Kairos the Covered (Human Fighter)                  Turns: 1220, Time: 00:01:20

Health: -4/29      AC:  6    Str: 21    XL:     3   Next: 47%
Magic:  3/3        EV:  7    Int:  8    God:    Okawaru [......]
Gold:   63         SH:  9    Dex: 13    Spells: 2/2 levels left

rFire    . . .     SeeInvis .   a - +0 flail
rCold    . . .     Gourm    .   c - +0 shield
rNeg     . . .     Faith    .   b - +0 scale mail
rPois    .         Spirit   .   (no helmet)
rElec    .         Reflect  .   (no cloak)
rCorr    .         Harm     .   (no gloves)
MR       .....                  (no boots)
Stlth    ..........             (no amulet)
HPRegen  0.09/turn              (no ring)
MPRegen  0.08/turn              (no ring)

@: mighty
A: no striking features
a: Renounce Religion


You were on level 2 of the Dungeon.
You worshipped Okawaru.
Okawaru was noncommittal.
You were very hungry.

You visited 1 branch of the dungeon, and saw 2 of its levels.

You collected 63 gold pieces.

Inventory:

Hand Weapons
 a - a +0 flail (weapon)
Missiles
 j - 8 tomahawks (quivered)
Armour
 b - a +0 scale mail (worn)
 c - a +0 shield (worn)
Scrolls
 e - 2 scrolls of remove curse {unknown}
 h - a scroll of teleportation {unknown}
 i - 2 scrolls of identify {unknown}
Potions
 g - a potion of invisibility {unknown}
Comestibles
 f - a ration


   Skills:
 + Level 3.2 Fighting
 + Level 2.5 Maces & Flails
 + Level 3.4 Armour
 + Level 3.3 Shields


You had 2 spell levels left.
You didn't know any spells.

Dungeon Overview and Level Annotations

Branches:
Dungeon (2/15)

Altars:
Okawaru

Annotations:
D:2 Robin


Message History

The goblin is moderately wounded.
The goblin hits you but does no damage. Robin hits you but does no damage.
The goblin hits you but does no damage. x2; You block the goblin's attack.
Your shield and scale mail prevent you from hitting the goblin.
The goblin is moderately wounded.
Robin roars a battlecry!
The goblins go into a battle-frenzy!
The goblin hits you but does no damage. x2; You block the goblin's attack.
Robin hits you but does no damage. The goblin closely misses you.
Your shield and scale mail prevent you from hitting the goblin.
The goblin is moderately wounded.
The goblin hits you but does no damage. The goblin hits you.
* * * LOW HITPOINT WARNING * * *
The goblin hits you.
* * * LOW HITPOINT WARNING * * *
You block Robin's attack. The goblin hits you with a club.
* * * LOW HITPOINT WARNING * * *
You feel very mighty all of a sudden. The goblin barely misses you.
The goblin hits you.
You die...

... #g# #g# #g#
#.## #g# .. ....
#g# .. ...... #g#
### ........##@##
..### ...##....ggg#
#...###..#####....#
..................#
..#.####.#..####.##
.##..##..........#
.###..#..........#
.# ##............#
## ###.#...####.#


You could see Robin, a hobgoblin and 7 goblins.

Vanquished Creatures
  A worm (D:2)
  2 leopard geckos (D:1)
  2 ball pythons
  2 bats (D:1)
  2 giant cockroaches (D:1)
  3 goblins
  3 hobgoblins (D:1)
  5 kobolds
  2 frilled lizards
  4 rats
26 creatures vanquished.

Notes
Turn   | Place    | Note
-------+----------+-------------------------------------------
     0 | D:1      | Kairos the Human Fighter began the quest for the Orb.
     0 | D:1      | Reached XP level 1. HP: 18/18 MP: 1/1
    55 | D:1      | Reached XP level 2. HP: 20/24 MP: 2/2
   500 | D:1      | Found an iron altar of Okawaru.
   510 | D:1      | Became a worshipper of Warmaster Okawaru
   615 | D:1      | Reached XP level 3. HP: 29/29 MP: 3/3
  1210 | D:2      | Noticed Robin
  1219 | D:2      | HP: 1/29 [goblin/club[Robin] (3)]
  1220 | D:2      | Slain by a goblin

Vault maps used:
D:1:      dpeg_arrival_chambers_temple_mockup, minmay_misc_feat_iff,
          okawaru_ov_weapons_minmay
D:2:      chequers_ecumenical_altar_simple_redux, uniq_robin

Action                   || total
-------------------------++-------
Melee: Flail             ||    97
  Use: Potion            ||     1
Armor: Scale mail        ||    53
Dodge: Dodged            ||    28
Block: Shield            ||    36

Table legend:
 A = Spawn XP
 B = Non-spawn XP
 C = Spawn XP percentage of total XP
 D = Spawn monster count
 E = Non-spawn monster count
 F = Spawn count percentage of total count
 G = Total turns spent on level
                    A         B        C        D         E        F      G
               +---------+---------+-------+---------+---------+-------+---------
         Total |       0 |      48 |   0.0 |       0 |      26 |   0.0 |  1220
               +---------+---------+-------+---------+---------+-------+---------
           D:1 |       0 |      35 |   0.0 |       0 |      19 |   0.0 |  1039
           D:2 |       0 |      13 |   0.0 |       0 |       7 |   0.0 |   181
               +---------+---------+-------+---------+---------+-------+---------
